AoeStats
← Red Calypso

MegaRandom

505135727Analyzed
4v4 RM · 25d ago on Sep 8, 2026· 62m 13s· 8 players
Game mode
Random Map
Map size
Large (8 player)
Population
200
Speed
Normal
Resources
Standard
Victory
Conquest
Starting age
Dark Age
Ending age
Imperial Age
RankedLock teamsTeams togetherTeam positionsShared explorationLock speedFull tech treeHidden civsTurbo modeCheats
Victory
Defeat
🇩🇪 Persians · Germany
1496
+11
🇩🇪 Mongols · Germany
1482
+12
🇩🇪 Berbers · Germany
1437
+14
🇦🇹 Japanese · Austria
1385
+15
🇨🇱 Spanish · Chile
1429
-15
🇨🇴 Franks · Colombia
1391
-13
🇵🇪 Vietnamese · Peru
1368
-12
🇹🇼 Persians · Taiwan
1360
-12
PrimordiaL_
7:41 Loom
9:47 Feudal Age
10:40 Double-Bit Axe
17:13 Scale Barding Armor
22:53 Castle Age
23:49 Bow Saw
28:20 Chain Barding Armor
28:37 Forging
31:14 Iron Casting
31:59 Husbandry
32:37 Gold Mining
32:39 Stone Mining
38:04 Gold Shaft Mining
41:35 Imperial Age
39:45 Wheelbarrow
40:29 #83
41:21 Town Watch
41:52 Hand Cart
41:43 Cavalier
43:00 Plate Barding Armor
43:34 Town Patrol
45:08 Blast Furnace
44:43 Paladin
45:53 Caravan
51:38 Light Cavalry
52:54 Padded Archer Armor
52:45 Fletching
53:18 Ballistics
54:13 Pikeman
54:54 Scale Mail Armor
55:27 Halberdier
56:23 Chain Mail Armor
57:49 Bodkin Arrow
Diegazo
4:20 Loom
12:34 Feudal Age
21:04 Castle Age
19:53 Double-Bit Axe
19:50 Horse Collar
20:46 Stone Mining
26:02 Padded Archer Armor
29:29 Leather Archer Armor
32:27 Bloodlines
33:15 Husbandry
36:59 Wheelbarrow
45:32 Imperial Age
44:51 Scale Mail Armor
44:42 Fletching
44:50 Elite Skirmisher
45:36 Thumb Ring
45:48 Chain Mail Armor
45:44 Forging
46:23 Bodkin Arrow
47:02 Ring Archer Armor
47:08 Bracer
48:19 Chemistry
52:26 Forging
52:31 Chain Mail Armor
54:21 Iron Casting
56:03 Ballistics
56:40 Bow Saw
57:18 Plate Mail Armor
57:49 Blast Furnace
56:49 Pikeman
57:30 Squires
57:25 Gambesons
58:01 Imperial Skirmisher
59:06 Town Watch
MasteRk
7:20 Loom
11:03 Feudal Age
12:00 Double-Bit Axe
11:56 Horse Collar
19:46 Castle Age
18:17 Fletching
18:56 Padded Archer Armor
20:19 Stone Mining
20:41 Bow Saw
21:04 Gold Mining
23:34 Bodkin Arrow
25:51 Town Watch
26:42 Wheelbarrow
27:36 Leather Archer Armor
33:20 Imperial Age
32:43 Thumb Ring
34:03 Bracer
34:27 Ballistics
35:19 Ring Archer Armor
37:04 Chemistry
35:32 Elite Skirmisher
37:58 Two-Man Saw
36:59 Heavy Plow
36:27 Imperial Skirmisher
37:08 Treadmill Crane
39:12 Paper Money
40:11 Stone Shaft Mining
39:08 Heavy Cavalry Archer
40:46 Coinage
42:06 Banking
41:46 Guilds
43:42 Murder Holes
44:00 Capped Ram
44:51 Caravan
47:54 Scale Mail Armor
48:04 Forging
47:15 Pikeman
47:55 Squires
47:40 Arson
48:20 Halberdier
51:16 Chain Mail Armor
52:05 Hoardings
52:29 Plate Mail Armor
55:01 Iron Casting
60:42 Elite Fire Lancer
LuLALa
6:55 Loom
11:17 Feudal Age
16:31 Castle Age
14:15 Horse Collar
16:03 Scale Barding Armor
16:49 Double-Bit Axe
17:29 Chain Barding Armor
27:54 Forging
31:04 Bow Saw
41:35 Wheelbarrow
40:46 Town Watch
46:03 Imperial Age
43:48 Husbandry
43:59 Bloodlines
43:11 Light Cavalry
44:28 Iron Casting
43:56 Gold Mining
43:56 Stone Mining
45:17 Scale Mail Armor
46:55 Plate Barding Armor
47:21 Blast Furnace
45:42 Cavalier
45:43 Hussar
46:53 Fletching
47:04 Padded Archer Armor
47:19 Chain Mail Armor
48:29 Heavy Plow
49:32 Two-Man Saw
48:35 Caravan
48:17 Elite Skirmisher
50:01 Chemistry
49:28 Imperial Skirmisher
51:45 Guilds
52:37 Pikeman
53:03 Arson
54:13 Squires
54:32 Halberdier
56:06 Plate Mail Armor
55:53 Leather Archer Armor
56:12 Conscription
57:52 Bodkin Arrow
58:27 Ring Archer Armor
58:19 Ballistics
59:51 Savar
62:27 Murder Holes
62:42 Careening
62:43 Masonry
62:24 Guard Tower
Red Calypso
4:18 Loom
11:25 Feudal Age
15:01 Castle Age
14:33 Double-Bit Axe
16:11 Horse Collar
22:46 Fletching
26:04 Ballistics
26:10 Bodkin Arrow
29:48 Wheelbarrow
31:49 Padded Archer Armor
31:56 Thumb Ring
32:58 Heavy Plow
36:38 Imperial Age
36:59 Hand Cart
37:28 Leather Archer Armor
38:15 Gold Mining
38:16 Stone Mining
38:15 Treadmill Crane
38:48 Fortified Wall
39:39 Chemistry
38:50 Masonry
40:12 Bow Saw
40:41 Bracer
41:11 Ring Archer Armor
41:14 Parthian Tactics
42:04 Heavy Cavalry Archer
43:35 Elite Skirmisher
44:13 Town Watch
45:01 Bloodlines
44:51 Husbandry
49:16 Caravan
49:27 Scale Mail Armor
49:38 Forging
51:16 Chain Mail Armor
51:38 Iron Casting
51:50 Man-at-Arms
51:52 Pikeman
52:33 Squires
54:32 Plate Mail Armor
55:04 Blast Furnace
54:27 Conscription
53:46 Halberdier
54:12 Arson
54:13 Gambesons
56:06 Murder Holes
56:32 Guard Tower
57:15 Arrowslits
58:22 Yasama
59:35 Keep
60:09 Kataparuto
60:22 Man-at-Arms
60:55 Long Swordsman
61:27 Long Swordsman
vR-MrReD
5:40 Loom
9:34 Feudal Age
10:09 Double-Bit Axe
14:10 Scale Barding Armor
15:08 Forging
16:29 Wheelbarrow
20:51 Castle Age
18:46 Gold Mining
19:45 Bloodlines
21:53 Chain Barding Armor
21:42 Husbandry
22:21 Bow Saw
24:35 Horse Collar
29:22 Iron Casting
31:18 Gold Shaft Mining
30:38 Stone Mining
35:07 Caravan
35:37 Coinage
40:12 Imperial Age
38:39 Heavy Plow
39:17 Stone Shaft Mining
40:04 Cavalier
41:26 Plate Barding Armor
41:07 Light Cavalry
42:33 Banking
42:40 Savar
44:17 Conscription
46:20 Hussar
52:53 Hand Cart
52:23 Town Watch
53:10 Crop Rotation
54:10 Two-Man Saw
56:11 Elite War Elephant
62:23 Chemistry
61:43 Ballistics
LukasPlanet
6:07 Loom
9:01 Feudal Age
9:48 Double-Bit Axe
14:32 Horse Collar
17:24 Wheelbarrow
20:34 Castle Age
18:37 Gold Mining
18:54 Scale Barding Armor
18:59 Forging
19:18 Bloodlines
19:52 Forging
21:53 Chain Barding Armor
21:49 Husbandry
25:34 Iron Casting
31:33 Town Watch
34:11 Hand Cart
36:40 Town Patrol
37:23 Caravan
41:42 Imperial Age
41:54 Cavalier
44:27 Plate Barding Armor
44:52 Blast Furnace
50:25 Light Cavalry
51:58 Kasbah
53:43 Hussar
54:54 Heavy Plow
55:08 Bow Saw
57:57 Blast Furnace
57:21 Conscription
61:05 Coinage
60:45 Guilds
61:04 Fortified Wall
61:16 Ballistics
61:56 Chemistry
sunSmit
9:08 Feudal Age
11:27 Double-Bit Axe
13:04 Fletching
20:07 Castle Age
18:53 Horse Collar
19:05 Gold Mining
21:07 Bodkin Arrow
21:25 Bow Saw
23:07 Heavy Plow
23:37 Ballistics
24:58 Padded Archer Armor
26:48 Wheelbarrow
26:56 Loom
28:09 Stone Mining
32:20 Husbandry
33:17 Hand Cart
37:16 Imperial Age
35:40 Bloodlines
36:34 Gold Shaft Mining
37:03 Caravan
37:37 Elite Mangudai
38:56 Conscription
39:07 Bracer
39:24 Leather Archer Armor
39:17 Thumb Ring
40:18 Parthian Tactics
44:06 Coinage
51:19 Elite Genitour
61:51 Town Watch
63:15 Chemistry
Connection lost

Rejoining the realm…

Still unreachable

The connection could not be restored.

Session expired

The server has moved on; the page needs a fresh start.